Map: Central Protocol

Players

Gonzo - Winner!

  • Race: Protoss Protoss

Miltreta

  • Race: Terran Terran
  • League: Bronze

VOD

Have the link to the VOD?

Description

Time

  • Played on: March 14, 2016, 8:57 a.m.
  • Length: 9:33
Show
View Real Time Build Order
Export as new Build Order

Gonzo Protoss - Winner!

Build Orders:  

Get SALT Encoding   

  12  0:03  Probe (Chrono Boost)  
  13  0:13  Probe (Chrono Boost)  
  14  0:24  Probe (Chrono Boost)  
  14  0:25  Pylon  
  15  0:43  Probe (Chrono Boost)  
  16  0:55  Probe (Chrono Boost)  
  17  1:07  Nexus  
  17  1:09  Probe (Chrono Boost)  
  18  1:21  Gateway  
  18  1:30  Probe (Chrono Boost), Pylon  
  19  1:33  Assimilator  
  19  1:41  Probe (Chrono Boost)  
  20  1:55  Pylon  
  20  1:58  Probe (Chrono Boost)  
  21  2:08  Probe (Chrono Boost)  
  22  2:19  Probe (Chrono Boost)  
  23  2:24  Forge  
  23  2:29  Gateway  
  24  2:30  Probe x2 (Chrono Boost)  
  24  2:32  Gateway  
  25  2:40  Probe (Chrono Boost)  
  25  2:41  Probe (Chrono Boost)  
  25  2:42  Zealot  
  29  3:03  Protoss Ground Weapons Level 1  
  29  3:09  Probe (Chrono Boost)  
  29  3:10  Probe (Chrono Boost)  
  31  3:20  Probe x2 (Chrono Boost), Gateway  
  31  3:22  Gateway  
  33  3:27  Cybernetics Core  
  33  3:31  Zealot  
  33  3:32  Zealot  
  37  3:47  Gateway  
  37  3:51  Pylon  
  37  4:00  Assimilator  
  37  4:09  Stalker  
  39  4:10  Warp Gate (Chrono Boost)  
  39  4:14  Stalker  
  41  4:20  Probe x2 (Chrono Boost)  
  43  4:25  Assimilator  
  43  4:29  Assimilator  
  43  4:31  Probe x2 (Chrono Boost)  
  45  4:33  Pylon  
  45  4:36  Pylon  
  45  4:44  Probe x2 (Chrono Boost)  
  47  4:49  Stargate  
  47  4:52  Pylon  
  47  4:54  Probe (Chrono Boost)  
  47  4:55  Probe (Chrono Boost)  
  47  4:56  Pylon, Zealot  
  47  4:57  Zealot x2  
  55  5:02  Protoss Ground Armor Level 1  
  55  5:10  Probe  
  55  5:11  Probe, Photon Cannon  
  57  5:24  Probe  
  58  5:35  Oracle  
  59  6:10  Probe  
  59  6:12  Probe  
  61  6:21  Probe  
  62  6:46  Stalker x2  
  62  6:47  Stalker x3  
  68  6:50  Oracle  
  75  6:58  Robotics Facility  
  75  7:10  Stalker  
  75  7:11  Stalker x4  
  85  7:36  Zealot x3  
  85  7:37  Zealot  
  93  7:51  Pylon  
  93  7:52  Pylon  
  93  7:53  Pylon  
  93  7:55  Pylon  
  93  8:02  Nexus  
  93  8:19  Forge  
  93  8:22  Robotics Bay  
  93  8:25  Fleet Beacon  
  91  8:41  Stalker  
  91  8:42  Stalker x5  
Show
View Real Time Build Order
Export as new Build Order

Miltreta Terran 

Build Orders:  

Get SALT Encoding   

  12  0:01  SCV  
  13  0:14  SCV  
  14  0:23  Supply Depot  
  14  0:26  SCV  
  15  0:37  Refinery  
  15  0:46  Barracks  
  15  0:54  Supply Depot  
  15  0:56  SCV  
  16  1:13  SCV  
  17  1:27  SCV  
  18  1:39  SCV  
  20  2:07  SCV  
  21  2:11  Reaper  
  21  2:30  Refinery  
  21  2:31  Orbital Command  
  21  2:37  Command Center  
  21  2:56  Bunker  
  21  3:02  Barracks Tech Lab  
  21  3:08  SCV  
  21  3:09  Engineering Bay  
  22  3:20  Factory  
  22  3:21  SCV  
  23  3:43  SCV  
  24  3:59  SCV  
  24  4:02  Marine  
  27  4:27  Marauder  
  28  4:41  Widow Mine  
  30  4:49  Marauder  
  32  4:57  Orbital Command  
  32  4:59  SCV  
  33  5:00  Bunker  
  33  5:10  Widow Mine  
  33  5:12  SCV  
  36  5:30  Marauder  
  36  5:34  Refinery  
  38  5:40  Supply Depot  
  38  5:56  Missile Turret  
  38  6:01  Missile Turret  
  38  6:05  Hellion  
  38  6:08  Stimpack  
  40  6:16  Starport  
  40  6:21  Marine  
  41  6:26  Hellion  
  43  6:39  Marine  
  44  6:52  Barracks  
  44  7:01  Terran Infantry Armor Level 1  
  44  7:04  Barracks  
  44  7:05  Barracks  
  44  7:07  Engineering Bay, Starport Reactor  
  44  7:14  Factory Tech Lab  
  44  7:21  SCV x2  
  46  7:33  Command Center  
  46  7:36  Factory  
  46  7:43  Barracks Reactor  
  48  7:51  Marauder  
  48  7:54  Siege Tank  
  48  7:55  Medivac  
  53  8:02  Medivac  
  57  8:13  Marauder  
  24  9:06  Marine  
  24  9:07  Marine  
  26  9:13  Marine  
  26  9:14  Marine  
Tags
 
Add a new tag
Caveats
  • Supply blocks, unpowered buildings, or Contaminate may cause inaccurate times.
  • Supply counts are checked every 10 seconds.